 Dungeon Crawl Stone Soup version 0.27.0-1-g7a089689b8 (webtiles) character file.

Game seed: 13274178920194044424

63 inmateoo the Sneak (level 4, -2/28 HPs)
             Began as an Octopode Fire Elementalist on Aug 3, 2021.
             Killed by divine providence
             ... invoked by an orc priest
              (12 damage)
             ... on level 3 of the Dungeon.
             The game lasted 00:02:00 (1597 turns).

inmateoo the Sneak (Octopode Fire Elementalist)     Turns: 1597, Time: 00:02:01

Health: -2/28      AC:  1    Str:  7    XL:     4   Next: 9%
Magic:  2/7        EV: 13    Int: 18    God:
Gold:   70         SH:  0    Dex: 18    Spells: 0/7 levels left

rFire    . . .     SeeInvis .     - Unarmed
rCold    . . .     Faith    .   (no shield)
rNeg     . . .     Spirit   .   (helmet restricted)
rPois    .         Reflect  .   (no amulet)
rElec    .         Harm     .   c - +6 ring of dexterity
rCorr    .         Rampage  .   (no ring)
Will     .....                  (no ring)
Stlth    ++++......             (no ring)
HPRegen  0.09/turn              (no ring)
MPRegen  0.10/turn              (no ring)
                                (no ring)
                                (no ring)

@: no status effects
A: almost no armour, amphibious, 8 rings, camouflage 1, gelatinous body 1,
(nimble swimmer 1), tentacles
a: no special abilities


You were on level 3 of the Dungeon.
You visited 1 branch of the dungeon, and saw 3 of its levels.

You collected 70 gold pieces.

Inventory:

Jewellery
 c - a +6 ring of dexterity (left tentacle)
Scrolls
 a - 2 scrolls of immolation {unknown}
 d - a scroll of vulnerability {unknown}
 f - a scroll of silence {unknown}
 g - a scroll of identify {unknown}
 h - a scroll of summoning {unknown}
 i - a scroll of fog {unknown}
 j - a scroll of noise {unknown}
Potions
 b - a potion of flight {unknown}
 e - a potion of magic {unknown}


   Skills:
 + Level 1.6 Fighting
 - Level 2.0 Dodging
 + Level 3.8 Stealth
 + Level 1.6 Unarmed Combat
 + Level 2.1 Spellcasting
 - Level 1.0 Conjurations
 + Level 0.6 Transmutations
 - Level 3.0 Fire Magic
 + Level 0.6 Poison Magic


You couldn't memorise any spells.
You knew the following spells:

 Your Spells              Type           Power      Damage    Failure   Level
a - Foxfire               Conj/Fire      36%        2x1d5     8%          1
b - Spider Form           Tmut/Pois      2%         N/A       38%         3
c - Conjure Flame         Conj/Fire      9%         6-21      24%         3

Your spell library contained the following spells:

 Spells                   Type           Power      Damage    Failure   Level
 Ensorcelled Hibernation  Hex/Ice        2%         N/A       26%         2
 Inner Flame              Hex/Fire       7%         N/A       28%         3
 Ozocubu's Armour         Ice            1%         N/A       47%         3
 Sticky Flame             Conj/Fire      9%         2d3       61%         4
 Fireball                 Conj/Fire      4%         3d4       91%         5
 Shadow Creatures         Summ           N/A        N/A       100%        6
 Ozocubu's Refrigeration  Ice            0%         4d5       100%        7


Dungeon Overview and Level Annotations

Branches:
Dungeon (3/15)

Altars:


Innate Abilities, Weirdness & Mutations

You cannot wear most types of armour.
You are amphibious.
You can wear up to eight rings at the same time.
Your skin changes colour to match your surroundings (Stealth+).
Your rubbery body absorbs attacks. (AC +1, EV +1)
((You are camouflaged near water. (Stealth+)))
You have tentacles for arms and can constrict up to eight enemies at once.


Message History

Casting: Foxfire (safe; 8% risk of failure)
Confirm with . or Enter, or press ? or * to list all spells.
You conjure some foxfire!
The foxfire hits the orc but does no damage.
The foxfire hits the orc wizard but does no damage.
The foxfire hits the orc.
The orc is lightly wounded.
Casting: Foxfire (safe; 8% risk of failure)
Confirm with . or Enter, or press ? or * to list all spells.
You conjure some foxfire!
The foxfire hits the orc but does no damage.
The orc is lightly wounded.
The foxfire hits the orc wizard.
The orc wizard is lightly wounded.
An orc comes into view. It is wielding a +0 mace.
The foxfire hits the orc but does no damage.
The orc is lightly wounded.
The orc hits you with a +0 hand axe.
The orc wizard hits you with a +0 dagger.
An orc priest comes into view. It is wielding a +0 club.
The orc priest shouts!
The orc shouts!
You hear a shout!
The orc hits you with a +0 short sword.
Your magical contamination has completely faded away.
The orc priest calls upon Beogh to heal the orc.
The orc's wounds heal themselves!
An orc comes into view. It is wielding a +0 falchion.
Okay, then.
The orc hits you with a +0 hand axe.
The orc priest casts a cantrip, but nothing happens.
The orc hits you with a +0 mace.
The orc wizard casts a spell.
The orc wizard flickers and vanishes!
Deactivating autopickup; reactivate with Ctrl-A.
You open the door. The orc hits you with a +0 mace.
Found 6 gold pieces.
A scorpion comes into view.
There is an open door here.
The orc priest calls down the wrath of Beogh upon you.
Beogh smites you!
You die...

... .# .# ###### #.#
#....# ..# #....# ..#
#....# ###### ##..#####
#....###....# #........
#.........#o###@.......
#.†.....oo.ooo'......s.
#.........o.###...$....
#.............+........
#.....>....####........
.......##'#... ..#.....#
....##.........#.#.#..##
...# ##....###.#.#.#..#
## .# .# .#


You could see a scorpion (asleep), an orc priest, an orc wizard and 4 orcs.

Vanquished Creatures
  2 adders
  A worm (D:2)
  2 ball pythons (D:2)
  5 bats
  3 endoplasms
  2 giant cockroaches
  3 goblins
  3 hobgoblins
  8 jackals (D:2)
  A quokka (D:2)
  4 frilled lizards
  2 kobolds
  3 rats (D:2)
39 creatures vanquished.

Vanquished Creatures (others)
  54 foxfires
54 creatures vanquished.

Grand Total: 93 creatures vanquished

Notes
Turn   | Place    | Note
-------+----------+-------------------------------------------
     0 | D:1      | inmateoo the Octopode Fire Elementalist began the quest for
                  | the Orb.
     0 | D:1      | Reached XP level 1. HP: 11/11 MP: 3/3
   230 | D:1      | Reached XP level 2. HP: 16/18 MP: 0/5
   390 | D:1      | Found a faded altar of an unknown god.
   660 | D:2      | Reached skill level 1 in Fighting
   661 | D:2      | Reached skill level 1 in Unarmed Combat
   839 | D:2      | Reached XP level 3. HP: 21/23 MP: 2/6
   843 | D:2      | Learned a level 3 spell: Spider Form
  1455 | D:3      | Reached XP level 4. HP: 20/28 MP: 5/7
  1570 | D:3      | Learned a level 3 spell: Conjure Flame
  1596 | D:3      | Noticed a scorpion
  1597 | D:3      | Killed from afar by an orc priest

Illustrated notes

Levels and vault maps discovered:
D:1:      amcnicky_arrival_flooded_fountain, layout_basic,
          chequers_ecumenical_altar_twisty
D:2:      layout_loops_ring
D:3:      layout_basic, nicolae_overflow_quartered_altars,
          gammafunk_ghost_abyssal_escape

Skill      XL: |  1  2 |
---------------+-------+-----
Stealth        | 3 |  3.8
Fighting       | 1 |  1.6
Unarmed Combat | 1 |  1.6
Dodging        | |  2.0
Spellcasting   | |  2.1
Conjurations   | |  1.0
Transmutations | |  0.6
Fire Magic     | |  3.0
Poison Magic   | |  0.6

Action                   |  1- 3 |  4- 6 || total
-------------------------+-------+-------++-------
Melee: Unarmed           |    74 |       ||    74
       Tentacles         |    11 |       ||    11
       Constrict         |    25 |       ||    25
       Punch             |     2 |       ||     2
 Cast: Foxfire           |    34 |     5 ||    39
 Stab: Sleeping          |     6 |       ||     6
Armor: Skin              |     6 |       ||     6
Dodge: Dodged            |    58 |       ||    58
